 Dungeon Crawl Stone Soup version 0.30.0-20-g3615ddf2f0 (webtiles) character file.

Game seed: 8472856234121826191

22303 qw the Cleaver (level 12, -3/77 HPs)
             Began as a Gargoyle Fighter on May 30, 2023.
             Was an Elder of Okawaru.
             Slain by a black mamba (4 damage)
             ... on level 5 of the Lair of Beasts.
             The game lasted 00:05:56 (12364 turns).

qw the Cleaver (Gargoyle Fighter)                  Turns: 12364, Time: 00:05:56

Health: -3/77      AC: 25    Str: 26    XL:     12   Next: 99%
Magic:  18/18      EV: 13    Int:  8    God:    Okawaru [****..]
Gold:   626        SH: 11    Dex:  9    Spells: 11/11 levels left

rFire   + . .        Y - +0 broad axe
rCold   . . .        c - +0 buckler
rNeg    + . .        h - +0 chain mail
rPois   inf          l - +2 hat
rElec   +            v - +1 cloak
rCorr   .            (no gloves)
SInv    .            (no boots)
Will    .....        k - amulet of reflection Stlth
                     t - +2 ring of evasion
HPRegen 0.32/turn    (no ring)
MPRegen 0.16/turn

%: reflection
@: heroic
A: sickness immunity, AC +8, negative energy resistance 1, electricity
resistance, torment resistance 1, petrification resistance, fire resistance 1,
MP-powered wands
a: Renounce Religion, Heroism, Finesse


You were on level 5 of the Lair of Beasts.
You worshipped Okawaru.
Okawaru was greatly pleased with you.
You visited 3 branches of the dungeon, and saw 14 of its levels.

You collected 928 gold pieces.
You spent 302 gold pieces at shops.


Innate Abilities, Weirdness & Mutations

You are immune to sickness and miasma.
Your stone body is resilient. (AC +8)
You are immune to poison.
You resist negative energy. (rN+)
You are resistant to electric shocks. (rElec)
You are resistant to unholy torment.
You are immune to petrification.
Your flesh is heat resistant. (rF+)
You expend magic power (3 MP) to strengthen your wands.


   Skills:
 - Level 10.1(15.1) Fighting
 + Level 13.5(18.5) Axes
 - Level 4.2(9.2) Throwing
 - Level 7.5(12.5) Armour
 - Level 3.4(8.4) Dodging
 - Level 6.0(11.0) Shields
 + Level 9.1 Invocations


You had 11 spell levels left.
You didn't know any spells.
Your spell library was empty.

Inventory:

Hand Weapons
 m - a +0 war axe of flaming
 Y - a +0 broad axe (weapon)
Missiles
 q - 4 boomerangs
 x - a javelin (quivered)
Armour
 c - a +0 buckler (worn)
 h - a +0 chain mail (worn)
 l - a +2 hat (worn)
 r - a +1 scale mail of fire resistance
 v - a +1 cloak (worn)
Jewellery
 k - an amulet of reflection (around neck)
 t - a +2 ring of evasion (left hand)
Wands
 p - a wand of digging (4)
Scrolls
 e - 4 scrolls of identify
Potions
 a - 2 potions of haste
 d - 3 potions of might
 f - 3 potions of curing
 i - 2 potions of attraction
 o - 2 potions of lignification
 u - a potion of mutation

Dungeon Overview and Level Annotations

Branches:
Dungeon (8/15)             Temple (1/1) D:6            Lair (5/5) D:8
  Swamp (0/4) Lair:3       Spider (0/4) Lair:3        Slime (0/5) Lair:4

Altars:
Ashenzari
Cheibriados
Dithmenos
Elyvilon
Gozag
Hepliaklqana
Kikubaaqudgha
Makhleb
Nemelex Xobeh
Okawaru
Qazlal
Ru
Sif Muna
Trog
Uskayaw
Vehumet
Wu Jian
Xom
Yredelemnul
Zin
The Shining One
Jiyva

Shops:
D:6 !   D:7 =   D:8 =

Portals:
Abyss: D:1***

Annotations:
D:7 2 runed translucent doors


Message History

You slash the skyshark! You block the black mamba's attack.
The komodo dragon bites you! You block the komodo dragon's attack.
The black mamba bites you. The polar bear barely misses you.
The polar bear claws you but does no damage.
The polar bear closely misses you. The yak gores you but does no damage.
The skyshark closely misses you. You block the skyshark's attack.
The skyshark tail-slaps you but does no damage.
You slash the skyshark!
The skyshark is heavily wounded.
You completely miss the black mamba. You slash the polar bear! You hit the yak.
You hit the komodo dragon.
You hit the komodo dragon but do no damage.
You feel yourself speed up. You block the black mamba's attack.
You block the komodo dragon's attack. The komodo dragon closely misses you.
The black mamba closely misses you.
You block the polar bear's attack. x2; The polar bear claws you.
The yak completely misses you. The skyshark closely misses you. x2
The skyshark tail-slaps you but does no damage.
You slash the skyshark!
The skyshark is heavily wounded.
You hit the komodo dragon but do no damage.
You barely miss the komodo dragon. You slash the black mamba!
You hit the polar bear but do no damage.
You hit the yak but do no damage.
The black mamba bites you but does no damage.
You block the komodo dragon's attack.
The komodo dragon bites you but does no damage.
The skyshark bites you but does no damage.
The skyshark closely misses you.
The skyshark tail-slaps you but does no damage.
You block the polar bear's attack. The polar bear misses you.
The polar bear barely misses you. The yak gores you but does no damage.
You slash the skyshark!
The skyshark is severely wounded.
You slash the black mamba! You closely miss the polar bear.
You hit the yak but do no damage. You hit the komodo dragon.
You slash the komodo dragon! The black mamba bites you.
You die...

~~~##~~ P~~#
#~~#~P~#~.~## ~
.~....~.~... .~
..........P#~P. ....
#...#.......P....~
...P##.!P.##....PP.....
......P..P#.#.hl.PPP...
#.........#...l@S......
#........##P.PYl..##...
#........YY$........
#..l.........P..#...
#...ยค...#.^.........
##...#...#.P........
###Y. .#####.?.....
..#### #...... .Y.


You could see a skyshark, a polar bear, 2 komodo dragons, a black mamba and 3
yaks.

Vanquished Creatures
  Kirke (Lair:4)
  Josephine (Lair:5)
  A boulder beetle (Lair:4)
  A catoblepas (Lair:1)
  A skyshark (Lair:2)
  A sea snake (Lair:5)
  2 bog bodies (Lair:3)
  A cane toad (Lair:1)
  3 rime drakes
  2 komodo dragons
  A polar bear (Lair:4)
  Grinder (D:6)
  Prince Ribbit (Lair:3)
  21 blink frogs
  7 dream sheep (Lair:4)
  A wyvern (D:8)
  A wraith (Lair:5)
  24 yaks
  5 hogs (Lair:4)
  2 basilisks
  2 redbacks (Lair:3)
  Edmund (D:4)
  2 steam dragons (D:7)
  A swamp worm (Lair:3)
  11 water moccasins
  Duvessa (D:6)
  3 orc warriors
  2 ice beasts (D:6)
  A sky beast (D:6)
  A black bear (D:6)
  2 centaurs (D:8)
  3 ogres
  9 bullfrogs
  A gnoll sergeant (D:5)
  2 scorpions
  7 wights
  Dowan (D:6)
  2 howler monkeys (D:8)
  2 electric eels (Lair:3)
  A jelly (D:5)
  A gnoll bouda (D:8)
  A sleepcap (D:6)
  5 hounds
  7 orc priests
  Ijyb (D:3)
  2 hell rats (Lair:2)
  3 iguanas
  8 orc wizards
  5 adders
  10 gnolls
  10 river rats (Lair:2)
  2 shadow imps
  2 ufetubi
  2 worms
  4 dart slugs
  15 orcs
  6 ball pythons
  8 endoplasms
  3 giant cockroaches (D:1)
  13 goblins
  4 hobgoblins
  4 quokkas
  8 bats
  5 frilled lizards
  6 kobolds
  4 rats
272 creatures vanquished.

Vanquished Creatures (others)
  A human (Lair:4)
1 creature vanquished.

Grand Total: 273 creatures vanquished

Notes
Turn   | Place    | Note
-------+----------+-------------------------------------------
     0 | D:1      | qw the Gargoyle Fighter began the quest for the Orb.
     0 | D:1      | Reached XP level 1. HP: 14/14 MP: 1/1
     0 | D:1      | 0 ||| qw: Version: 0.2-a-102-g2b76a06
     0 | D:1      | 0 ||| qw: Game counter: 488
     0 | D:1      | 0 ||| qw: Always use a shield: true
     0 | D:1      | 0 ||| qw: God list: Okawaru
     0 | D:1      | 0 ||| qw: Allow faded altars: false
     0 | D:1      | 0 ||| qw: Do Orc after D:15 true
     0 | D:1      | 0 ||| qw: Do second Lair branch before Depths: true
     0 | D:1      | 0 ||| qw: Lair rune preference: random
     0 | D:1      | 0 ||| qw: Plans: Normal, Zot:1-4, Slime:5, God:TSO, Crypt,
                  | Tomb, Pan, Hells, Abyss, Win
     0 | D:1      | 0 ||| PLANNING D:1-11
    17 | D:1      | Reached skill level 2 in Axes
    53 | D:1      | Reached XP level 2. HP: 19/19 MP: 2/2
   179 | D:1      | Reached skill level 3 in Axes
   212 | D:1      | Reached XP level 3. HP: 23/23 MP: 3/3
   438 | D:1      | 438 ||| UPGRADING to amulet of reflection.
   443 | D:1      | 443 ||| DROPPING +6 ring of intelligence.
   444 | D:1      | 444 ||| READING scroll labelled YGGEYMOECK.
   445 | D:1      | 445 ||| READING scroll labelled IJATUO YJOSKU.
   446 | D:1      | 446 ||| READING scroll labelled DEWAMU LURI.
   447 | D:1      | 447 ||| READING scroll labelled INUESAA MITAOH.
   448 | D:1      | 448 ||| READING scroll labelled DALLAX ALUENEE.
   538 | D:2      | 538 ||| Stepping ~*~*~tactically~*~*~ (hiding).
   826 | D:2      | 826 ||| Stepping ~*~*~tactically~*~*~ (stealth).
   835 | D:2      | 835 ||| Stepping ~*~*~tactically~*~*~ (stealth).
   850 | D:2      | Reached XP level 4. HP: 28/28 MP: 4/4
   879 | D:2      | 879 ||| Stepping ~*~*~tactically~*~*~ (stealth).
  1081 | D:2      | 1081 ||| Stepping ~*~*~tactically~*~*~ (stealth).
  1171 | D:2      | 1171 ||| UPGRADING to +0 chain mail.
  1181 | D:2      | 1181 ||| DROPPING +0 scale mail.
  1182 | D:2      | 1182 ||| READING scroll labelled XUNOSO ATOOPH.
  1183 | D:2      | 1183 ||| READING scroll labelled SAYNEHEHUT.
  1184 | D:2      | 1184 ||| READING 2 scrolls of identify.
  1184 | D:2      | 1184 ||| IDENTIFYING sedimented clear potion
  1217 | D:3      | 1217 ||| Stepping ~*~*~tactically~*~*~ (stealth).
  1220 | D:3      | 1220 ||| Stepping ~*~*~tactically~*~*~ (hiding).
  1222 | D:3      | 1222 ||| Stepping ~*~*~tactically~*~*~ (hiding).
  1223 | D:3      | 1223 ||| Stepping ~*~*~tactically~*~*~ (hiding).
  1229 | D:3      | Reached skill level 4 in Axes
  1354 | D:3      | Noticed an ogre
  1358 | D:3      | Killed an ogre
  1359 | D:3      | Reached XP level 5. HP: 21/32 MP: 5/5
  1360 | D:3      | 1360 ||| Stepping ~*~*~tactically~*~*~ (stealth).
  1361 | D:3      | 1361 ||| FLEEEEING.
  1391 | D:3      | 1391 ||| Stepping ~*~*~tactically~*~*~ (stealth).
  1478 | D:3      | Found a faded altar of an unknown god.
  1545 | D:3      | Reached skill level 5 in Axes
  1555 | D:3      | 1555 ||| Stepping ~*~*~tactically~*~*~ (stealth).
  1684 | D:3      | 1684 ||| Stepping ~*~*~tactically~*~*~ (hiding).
  1798 | D:3      | Found a sacrificial altar of Ru.
  2004 | D:3      | Reached XP level 6. HP: 37/38 MP: 6/6
  2201 | D:3      | Noticed Ijyb
  2225 | D:3      | HP: 9/38 [Ijyb/+0 dagger (6)]
  2227 | D:3      | HP: 4/38 [Ijyb/+0 dagger (1)]
  2237 | D:3      | Killed Ijyb
  2418 | D:3      | 2418 ||| READING scroll labelled ESHEHEVVONK.
  2419 | D:3      | 2419 ||| READING scroll labelled TEUL PIPREARO.
  2420 | D:3      | 2420 ||| READING scroll labelled YKOFYNGEM HAUDGH.
  2424 | D:3      | 2424 ||| DRINKING 2 golden potions.
  2425 | D:3      | 2425 ||| DRINKING 2 emerald potions.
  2530 | D:3      | 2530 ||| DROPPING potion of berserk rage.
  2571 | D:4      | Noticed Edmund
  2595 | D:4      | Killed Edmund
  2596 | D:4      | Reached skill level 6 in Axes
  2712 | D:4      | Reached skill level 1 in Dodging
  2712 | D:4      | Reached XP level 7. HP: 43/43 MP: 7/7
  2719 | D:4      | Found a radiant altar of Vehumet.
  3437 | D:4      | 3437 ||| DRINKING 2 amethyst potions.
  3438 | D:4      | 3438 ||| DRINKING 2 puce potions.
  3438 | D:4      | Gained mutation: You are partially covered in large bone
                  | plates. (SH +4) [potion of mutation]
  3438 | D:4      | Gained mutation: You are vulnerable to heat. (rF-) [potion
                  | of mutation]
  3438 | D:4      | Gained mutation: Your movements are slightly less
                  | encumbered by armour. (ER -2) [potion of mutation]
  3439 | D:4      | 3439 ||| DRINKING potion of mutation.
  3439 | D:4      | Lost mutation: Your movements are slightly less encumbered
                  | by armour. (ER -2) [potion of mutation]
  3439 | D:4      | Lost mutation: You are vulnerable to heat. (rF-) [potion of
                  | mutation]
  3439 | D:4      | Lost mutation: You are partially covered in large bone
                  | plates. (SH +4) [potion of mutation]
  3439 | D:4      | Gained mutation: You occasionally lose the ability to read
                  | scrolls when taking damage. [potion of mutation]
  3439 | D:4      | Gained mutation: Armour fits poorly on your strangely
                  | shaped body. [potion of mutation]
  3439 | D:4      | Gained mutation: You do not regenerate when monsters are
                  | visible. [potion of mutation]
  3439 | D:4      | Gained mutation: You have a pair of small horns on your
                  | head. [potion of mutation]
  3469 | D:5      | Entered Level 5 of the Dungeon
  3517 | D:5      | 3517 ||| Stepping ~*~*~tactically~*~*~ (stealth).
  3626 | D:5      | 3626 ||| Stepping ~*~*~tactically~*~*~ (stealth).
  3634 | D:5      | Reached skill level 1 in Throwing
  3772 | D:5      | HP: 3/43 [ogre/+0 giant club (11)]
  3773 | D:5      | 3773 ||| DRINKING 2 potions of heal wounds.
  3777 | D:5      | Reached skill level 7 in Axes
  3905 | D:5      | 3905 ||| Stepping ~*~*~tactically~*~*~ (stealth).
  3924 | D:5      | Reached XP level 8. HP: 23/48 MP: 8/8
  4675 | D:5      | 4675 ||| DROPPING amulet of regeneration.
  4676 | D:5      | 4676 ||| DROPPING amulet of the acrobat.
  4677 | D:5      | 4677 ||| READING 2 scrolls of identify.
  4677 | D:5      | 4677 ||| IDENTIFYING fuming clear potion
  4727 | D:6      | Found a staircase to the Ecumenical Temple.
  4728 | D:6      | 4728 ||| PLANNING TEMPLE
  4739 | Temple   | Entered the Ecumenical Temple
  4862 | Temple   | 4862 ||| PLANNING OKAWARU WORSHIP
  4970 | Temple   | Became a worshipper of Warmaster Okawaru
  4970 | Temple   | 4970 ||| PLANNING D:1-11
  5066 | D:6      | 5066 ||| Stepping ~*~*~tactically~*~*~ (stealth).
  5077 | D:6      | Reached skill level 8 in Axes
  5223 | D:6      | Reached skill level 6 in Fighting
  5254 | D:6      | Found Inkesmauv's Distillery.
  5264 | D:6      | 5264 ||| SHOPLISTING 2 potions of haste (280 gold, have
                  | 255).
  5264 | D:6      | 5264 ||| BUYING 2 potions of might (112 gold).
  5264 | D:6      | Bought 2 potions of might for 112 gold pieces
  5264 | D:6      | 5264 ||| BUYING potion of curing (42 gold).
  5264 | D:6      | Bought a potion of curing for 42 gold pieces
  5264 | D:6      | 5264 ||| SHOPLISTING potion of haste (140 gold, have 101).
  5264 | D:6      | 5264 ||| BUYING potion of heal wounds (70 gold).
  5264 | D:6      | Bought a potion of heal wounds for 70 gold pieces
  5264 | D:6      | 5264 ||| SHOPLISTING potion of heal wounds (70 gold, have
                  | 31).
  5264 | D:6      | 5264 ||| SHOPLISTING potion of lignification (42 gold, have
                  | 31).
  5264 | D:6      | 5264 ||| SHOPLISTING potion of might (56 gold, have 31).
  5389 | D:6      | Noticed Dowan
  5389 | D:6      | Noticed Duvessa
  5396 | D:6      | Killed Duvessa
  5399 | D:6      | Killed Dowan
  5400 | D:6      | Reached XP level 9. HP: 55/55 MP: 9/9
  5445 | D:6      | Noticed Grinder
  5461 | D:6      | Killed Grinder
  5461 | D:6      | Reached * piety under Okawaru
  5462 | D:6      | Reached skill level 9 in Axes
  5632 | D:6      | 5632 ||| DRINKING 2 fizzy brown potions.
  5633 | D:6      | 5633 ||| READING 2 scrolls of identify.
  5633 | D:6      | 5633 ||| IDENTIFYING metallic yellow potion
  5634 | D:6      | 5634 ||| DROPPING potion of degeneration.
  5638 | D:7      | 5638 ||| Stepping ~*~*~tactically~*~*~ (stealth).
  5640 | D:7      | 5640 ||| Stepping ~*~*~tactically~*~*~ (stealth).
  5641 | D:7      | 5641 ||| Stepping ~*~*~tactically~*~*~ (stealth).
  5643 | D:7      | 5643 ||| INVOKING Heroism.
  5655 | D:7      | 5655 ||| INVOKING Heroism.
  5668 | D:7      | 5668 ||| STAIRDANCE
  5812 | D:7      | 5812 ||| INVOKING Heroism.
  5855 | D:7      | 5855 ||| FLEEEEING.
  5856 | D:7      | 5856 ||| FLEEEEING.
  5857 | D:7      | 5857 ||| FLEEEEING.
  5858 | D:7      | 5858 ||| FLEEEEING.
  5859 | D:7      | 5859 ||| STAIRDANCE
  5913 | D:7      | 5913 ||| STAIRDANCE
  5996 | D:7      | 5996 ||| DROPPING +0 flail.
  6127 | D:7      | You fall into a shaft and drop 1 floor!
  6144 | D:8      | Reached skill level 1 in Invocations
  6194 | D:8      | Reached skill level 3 in Invocations
  6199 | D:8      | 6199 ||| INVOKING Heroism.
  6291 | D:8      | 6291 ||| Stepping ~*~*~tactically~*~*~ (stealth).
  6301 | D:8      | 6301 ||| INVOKING Heroism.
  6309 | D:8      | Reached XP level 10. HP: 57/63 MP: 9/13
  6316 | D:8      | Reached skill level 10 in Axes
  6385 | D:8      | 6385 ||| READING 3 scrolls of identify.
  6385 | D:8      | 6385 ||| IDENTIFYING clear potion
  6386 | D:8      | 6386 ||| READING 2 scrolls of identify.
  6386 | D:8      | 6386 ||| IDENTIFYING sedimented blue potion
  6387 | D:8      | 6387 ||| DROPPING potion of flight.
  6455 | D:7      | Found a runed translucent door.
  6458 | D:7      | Found a runed translucent door.
  6476 | D:7      | Found a white marble altar of Elyvilon.
  6514 | D:7      | 6514 ||| INVOKING Heroism.
  6515 | D:7      | 6515 ||| Stepping ~*~*~tactically~*~*~ (cloud).
  6516 | D:7      | 6516 ||| Stepping ~*~*~tactically~*~*~ (cloud).
  6528 | D:7      | 6528 ||| Stepping ~*~*~tactically~*~*~ (cloud).
  6547 | D:7      | 6547 ||| DRINKING potion of mutation.
  6547 | D:7      | Lost mutation: Armour fits poorly on your strangely shaped
                  | body. [potion of mutation]
  6547 | D:7      | Lost mutation: You occasionally lose the ability to read
                  | scrolls when taking damage. [potion of mutation]
  6547 | D:7      | Lost mutation: You have a pair of small horns on your head.
                  | [potion of mutation]
  6547 | D:7      | Gained mutation: Your flesh is heat resistant. (rF+)
                  | [potion of mutation]
  6574 | D:7      | Found a hazy altar of Hepliaklqana.
  6608 | D:7      | Found Raliopela's One-of-a-Kind Rings.
  6619 | D:7      | 6619 ||| BUYING +2 ring of evasion (78 gold).
  6619 | D:7      | Bought a +2 ring of evasion for 78 gold pieces
  6619 | D:7      | 6619 ||| SHOPLISTING +2 ring of protection (130 gold, have
                  | 98).
  6619 | D:7      | 6619 ||| SHOPLISTING +3 ring of slaying (585 gold, have
                  | 98).
  6619 | D:7      | 6619 ||| SHOPLISTING +6 ring of protection (1014 gold, have
                  | 98).
  6619 | D:7      | 6619 ||| SHOPLISTING +8 ring of dexterity (715 gold, have
                  | 98).
  6619 | D:7      | 6619 ||| SHOPLISTING ring "Zuzur" {Fire Dex+2} (470 gold,
                  | have 98).
  6619 | D:7      | 6619 ||| SHOPLISTING ring of Foitonlu {Contam Str+6 Dex+3
                  | Stlth+} (604 gold, have 98).
  6649 | D:7      | Found a glowing silver altar of Zin.
  6734 | D:7      | 6734 ||| DROPPING amulet of magic regeneration.
  6735 | D:7      | 6735 ||| DROPPING ring of wizardry.
  6736 | D:7      | 6736 ||| UPGRADING to +2 ring of evasion.
  6761 | D:8      | 6761 ||| INVOKING Heroism.
  6884 | D:8      | 6884 ||| Stepping ~*~*~tactically~*~*~ (hiding).
  6892 | D:8      | 6892 ||| INVOKING Heroism.
  6900 | D:8      | Reached skill level 3 in Throwing
  7034 | D:8      | 7034 ||| Stepping ~*~*~tactically~*~*~ (hiding).
  7182 | D:8      | 7182 ||| DRINKING 4 potions of curing.
  7182 | D:8      | 7182 ||| (to cure confusion)
  7293 | D:8      | Found a staircase to the Lair.
  7294 | D:8      | 7294 ||| INVOKING Heroism.
  7461 | D:8      | Found Zostev's Jewellery Emporium.
  7468 | D:8      | 7468 ||| SHOPLISTING +5 ring of evasion (540 gold, have
                  | 207).
  7468 | D:8      | 7468 ||| SHOPLISTING ring of Guepeycs {Drain rC+ Str+4
                  | Int+5} (679 gold, have 207).
  7468 | D:8      | 7468 ||| SHOPLISTING ring of protection from cold (375
                  | gold, have 207).
  7468 | D:8      | 7468 ||| SHOPLISTING ring of protection from fire (375
                  | gold, have 207).
  7501 | D:8      | 7501 ||| Stepping ~*~*~tactically~*~*~ (hiding).
  7542 | D:8      | Found a shimmering blue altar of Sif Muna.
  7740 | D:8      | 7740 ||| INVOKING Heroism.
  7788 | D:8      | 7788 ||| PLANNING LAIR
  7788 | D:8      | 7788 ||| READING 2 scrolls of identify.
  7788 | D:8      | 7788 ||| IDENTIFYING orange potion
  7789 | D:8      | 7789 ||| DROPPING potion of brilliance.
  7813 | Lair:1   | Entered Level 1 of the Lair of Beasts
  7855 | Lair:1   | 7855 ||| Stepping ~*~*~tactically~*~*~ (stealth).
  7857 | Lair:1   | 7857 ||| Stepping ~*~*~tactically~*~*~ (stealth).
  7859 | Lair:1   | 7859 ||| Stepping ~*~*~tactically~*~*~ (stealth).
  7870 | Lair:1   | 7870 ||| INVOKING Heroism.
  7879 | Lair:1   | HP: 15/64 [yak (9)]
  7880 | Lair:1   | 7880 ||| READING scroll of teleportation.
  7881 | Lair:1   | 7881 ||| DRINKING 2 potions of heal wounds.
  7885 | Lair:1   | Reached skill level 11 in Axes
  7961 | Lair:1   | Noticed a catoblepas
  7967 | Lair:1   | 7967 ||| INVOKING Heroism.
  7981 | Lair:1   | Killed a catoblepas
  7981 | Lair:1   | Reached ** piety under Okawaru
  7982 | Lair:1   | Reached skill level 3 in Dodging
  8097 | Lair:1   | 8097 ||| INVOKING Heroism.
  8172 | Lair:1   | Noticed a cane toad
  8174 | Lair:1   | 8174 ||| INVOKING Heroism.
  8178 | Lair:1   | Reached XP level 11. HP: 44/69 MP: 11/14
  8188 | Lair:1   | Reached skill level 9 in Fighting
  8222 | Lair:1   | 8222 ||| Stepping ~*~*~tactically~*~*~ (stealth).
  8240 | Lair:1   | 8240 ||| INVOKING Heroism.
  8730 | Lair:1   | 8730 ||| READING scroll labelled SOC TOZE ZIRCHU.
  8957 | Lair:2   | 8957 ||| DRINKING potion of mutation.
  8957 | Lair:2   | Lost mutation: Your flesh is heat resistant. (rF+) [potion
                  | of mutation]
  8957 | Lair:2   | Lost mutation: You do not regenerate when monsters are
                  | visible. [potion of mutation]
  8957 | Lair:2   | Gained mutation: Your flesh is heat resistant. (rF+)
                  | [potion of mutation]
  8957 | Lair:2   | Gained mutation: You expend magic power (3 MP) to
                  | strengthen your wands. [potion of mutation]
  9221 | Lair:2   | Reached *** piety under Okawaru
  9302 | Lair:2   | 9302 ||| Stepping ~*~*~tactically~*~*~ (stealth).
  9315 | Lair:2   | 9315 ||| INVOKING Heroism.
  9322 | Lair:2   | Reached skill level 12 in Axes
  9531 | Lair:2   | Noticed a skyshark
  9541 | Lair:2   | Killed a skyshark
  9679 | Lair:2   | 9679 ||| READING scroll labelled TIAR HEROCVATS.
  9680 | Lair:2   | 9680 ||| READING scroll labelled SOEDYT WUCESER.
  9725 | Lair:3   | 9725 ||| SWAPPING to +0 broad axe.
  9730 | Lair:3   | Reached skill level 6 in Shields
  9730 | Lair:3   | 9730 ||| DROPPING +0 war axe of protection.
  9771 | Lair:3   | 9771 ||| INVOKING Heroism.
  9921 | Lair:3   | You fall into a shaft and drop 1 floor!
  9923 | Lair:4   | 9923 ||| Stepping ~*~*~tactically~*~*~ (stealth).
  9934 | Lair:4   | 9934 ||| Stepping ~*~*~tactically~*~*~ (stealth).
  9963 | Lair:4   | Reached skill level 6 in Armour
 10100 | Lair:3   | 10100 ||| INVOKING Heroism.
 10110 | Lair:3   | Reached **** piety under Okawaru
 10125 | Lair:3   | 10125 ||| INVOKING Heroism.
 10342 | Lair:3   | 10342 ||| INVOKING Heroism.
 10345 | Lair:3   | Noticed Prince Ribbit
 10350 | Lair:3   | Killed Prince Ribbit
 10372 | Lair:3   | 10372 ||| INVOKING Heroism.
 10531 | Lair:3   | Found a hole to the Spider Nest.
 10541 | Lair:3   | 10541 ||| UPGRADING to +0 cloak.
 10546 | Lair:3   | 10546 ||| READING scroll of enchant armour.
 10546 | Lair:3   | 10546 ||| ENCHANTING +0 cloak.
 10583 | Lair:3   | 10583 ||| INVOKING Heroism.
 10593 | Lair:3   | Reached XP level 12. HP: 72/77 MP: 13/15
 10611 | Lair:3   | Reached skill level 13 in Axes
 10684 | Lair:3   | 10684 ||| Stepping ~*~*~tactically~*~*~ (hiding).
 10692 | Lair:3   | 10692 ||| INVOKING Heroism.
 10852 | Lair:3   | Found a staircase to the Swamp.
 11046 | Lair:3   | 11046 ||| INVOKING Heroism.
 11050 | Lair:3   | Reached skill level 6 in Invocations
 11221 | Lair:3   | 11221 ||| UPGRADING to +2 hat.
 11301 | Lair:4   | 11301 ||| INVOKING Heroism.
 11372 | Lair:4   | 11372 ||| Stepping ~*~*~tactically~*~*~ (stealth).
 11374 | Lair:4   | Noticed Kirke
 11375 | Lair:4   | 11375 ||| INVOKING Heroism.
 11384 | Lair:4   | Noticed a boulder beetle
 11393 | Lair:4   | 11393 ||| DRINKING potion of cancellation.
 11394 | Lair:4   | Killed Kirke
 11395 | Lair:4   | 11395 ||| INVOKING Heroism.
 11407 | Lair:4   | Killed a boulder beetle
 11585 | Lair:4   | Found a viscous altar of Jiyva.
 11586 | Lair:4   | Found a staircase to the Slime Pits.
 11748 | Lair:4   | 11748 ||| INVOKING Heroism.
 11803 | Lair:4   | 11803 ||| Stepping ~*~*~tactically~*~*~ (stealth).
 11804 | Lair:4   | 11804 ||| Stepping ~*~*~tactically~*~*~ (stealth).
 11805 | Lair:4   | 11805 ||| INVOKING Heroism.
 11854 | Lair:4   | 11854 ||| Stepping ~*~*~tactically~*~*~ (stealth).
 11855 | Lair:4   | 11855 ||| Stepping ~*~*~tactically~*~*~ (stealth).
 11872 | Lair:4   | Received a gift from Okawaru
 12274 | Lair:4   | 12274 ||| READING scroll labelled FULISS ZUDD.
 12275 | Lair:4   | 12275 ||| DRINKING 2 glowing cyan potions.
 12276 | Lair:4   | 12276 ||| DRINKING 4 potions of curing.
 12276 | Lair:4   | 12276 ||| (to cure confusion)
 12277 | Lair:4   | 12277 ||| DROPPING potion of ambrosia.
 12312 | Lair:5   | Entered Level 5 of the Lair of Beasts
 12321 | Lair:5   | Noticed Josephine
 12322 | Lair:5   | Noticed a catoblepas
 12323 | Lair:5   | 12323 ||| INVOKING Heroism.
 12335 | Lair:5   | Killed Josephine
 12339 | Lair:5   | HP: 18/77 [catoblepas (22)]
 12340 | Lair:5   | 12340 ||| READING 3 scrolls of teleportation.
 12341 | Lair:5   | 12341 ||| DRINKING potion of heal wounds.
 12349 | Lair:5   | HP: 17/77 [sea snake (8)]
 12350 | Lair:5   | 12350 ||| READING 2 scrolls of teleportation.
 12351 | Lair:5   | 12351 ||| INVOKING Heroism.
 12352 | Lair:5   | Noticed a skyshark
 12353 | Lair:5   | Reached skill level 9 in Invocations
 12353 | Lair:5   | 12353 ||| READING scroll of teleportation.
 12360 | Lair:5   | HP: 16/77 [skyshark (4)]
 12361 | Lair:5   | HP: 5/77 [komodo dragon (11)]
 12361 | Lair:5   | HP: 1/77 [black mamba (4)]
 12364 | Lair:5   | Slain by a black mamba

Levels and vault maps discovered:
D:1:      minmay_arrival_glassed_features, layout_rooms
D:2:      layout_basic, minmay_diced_spiral
D:3:      layout_basic, nicolae_ru_the_path_less_chosen, basic_ecumenical_altar,
          uniq_ijyb
D:4:      layout_gridville, vehumet_crystals, uniq_edmund
D:5:      layout_basic
D:6:      layout_basic, minmay_temple_entry_stoned_glass, serial_shops, shop,
          uniq_grinder, uniq_duvessa
D:7:      lemuel_insect_pit, layout_cave_pools, zin_statuary,
          nzn_hepliaklqana_mist_gate, elyvilon_altar_5,
          small_statue_intersection, nicolae_shop_unique_rings
D:8:      layout_loops_ring, lemuel_blue_sif_altar,
          grunt_lair_entry_orc_guard_hut, serial_shops, shop
Temple:   regret_index_temple_generic_petals
Lair:1:   layout_misc_corridors, lemuel_fruit_fields
Lair:2:   layout_roguey, nicolae_lair_lil_pond, kennysheep_rathole
Lair:3:   layout_gridlike, nicolae_swamp_entry_splash_gauntlet,
          spider_nest_entry_webs, uniq_prince_ribbit2
Lair:4:   layout_regular_city, dpeg_slime_entry_enclosed,
          pdpol_lair_neglected_garden, uniq_kirke
Lair:5:   gammafunk_lair_ancient_temple, layout_misc_corridors, uniq_josephine

Skill      XL: |  1  2  3  4  5  6  7  8  9 10 11 12 |
---------------+-------------------------------------+-----
Axes           | 2 3 4 5 6 7 8 9 11 12 13 | 13.5
Fighting       | 4 6 7 8 10 | 10.1
Dodging        | 1 3 |  3.4
Throwing       | 1 2 3 4 |  4.2
Shields        | 4 5 6 |  6.0
Armour         | 4 5 6 7 |  7.5
Invocations    | 4 9 |  9.1

Action                     |  1- 3 |  4- 6 |  7- 9 | 10-12 || total
---------------------------+-------+-------+-------+-------++-------
  Melee: War axe           |    83 |   142 |   268 |   274 ||   767
         Unarmed           |       |    20 |       |       ||    20
         Headbutt          |       |       |    37 |     2 ||    39
         Broad axe         |       |       |       |   244 ||   244
  Throw: Javelin           |       |       |    33 |    51 ||    84
         Boomerang         |       |       |       |    36 ||    36
 Invoke: Heroism           |       |       |     5 |    26 ||    31
    Use: Scroll            |     5 |     6 |     2 |    12 ||    25
         Potion            |       |     2 |     5 |     8 ||    15
   Stab: Petrified         |       |       |       |     6 ||     6
 Armour: Scale mail        |    28 |     9 |       |       ||    37
         Chain mail        |       |    50 |   119 |   245 ||   414
  Dodge: Dodged            |    33 |    30 |    83 |   215 ||   361
  Block: Buckler           |    17 |    54 |   116 |   239 ||   426
         Reflection        |       |     2 |     2 |     2 ||     6
         Other             |       |     4 |       |       ||     4

Table legend:
 A = Non-vault XP
 B = Vault XP
 C = Vault XP percentage of total XP
 D = Non-vault monster count
 E = Vault monster count
 F = Vault count percentage of total count
                 A         B        C        D         E       F
            +---------+---------+-------+---------+---------+-------
      Total |   22689 |    9173 |  28.8 |     223 |      49 |  18.0
            +---------+---------+-------+---------+---------+-------
        D:1 |      50 |       0 |   0.0 |      26 |       0 |   0.0
        D:2 |      25 |      22 |  46.8 |      14 |       5 |  26.3
        D:3 |     229 |      36 |  13.6 |      21 |       1 |   4.5
        D:4 |     149 |     178 |  54.4 |      10 |       1 |   9.1
        D:5 |    1032 |       0 |   0.0 |      20 |       0 |   0.0
        D:6 |     794 |     470 |  37.2 |      12 |       3 |  20.0
        D:7 |     840 |       0 |   0.0 |      18 |       0 |   0.0
        D:8 |    1891 |     684 |  26.6 |      30 |       6 |  16.7
     Lair:1 |    4278 |       0 |   0.0 |      18 |       0 |   0.0
     Lair:2 |    2302 |     206 |   8.2 |       9 |      13 |  59.1
     Lair:3 |    4038 |    3299 |  45.0 |      17 |      11 |  39.3
     Lair:4 |    6759 |    2450 |  26.6 |      26 |       6 |  18.8
     Lair:5 |     302 |    1828 |  85.8 |       2 |       3 |  60.0
            +---------+---------+-------+---------+---------+-------
